 Dungeon Crawl Stone Soup version 0.29-a0-330-g52719c12eb (webtiles) character file.

Game seed: 14648809156541585608

250 Ajdolov the Skirmisher (level 6, 0/66 HPs)
             Began as an Ogre Warper on Apr 19, 2022.
             Was an Initiate of Wu Jian.
             Slain by an orc
             ... wielding a +1 vorpal flail
              (6 damage)
             ... on level 4 of the Dungeon.
             The game lasted 00:05:36 (2766 turns).

Ajdolov the Skirmisher (Ogre Warper)                Turns: 2766, Time: 00:05:36

Health: 0/66       AC:  7    Str: 16    XL:     6   Next: 13%
Magic:  9/9        EV:  9    Int: 16    God:    Wu Jian [......]
Gold:   101        SH:  0    Dex:  8    Spells: 7/9 levels left

rFire   . . .      SeeInvis .   a - +0 mace
rCold   . . .      Faith    .   (no shield)
rNeg    . . .      Spirit   .   b - +0 robe
rPois   .          Reflect  .   (helmet restricted)
rElec   .          Harm     .   (no cloak)
rCorr   .          Rampage  .   (gloves unavailable)
Will    .....                   (boots unavailable)
Stlth   +.........              n - amulet of regeneration
HPRegen 1.01/turn               l - +4 ring of protection
MPRegen 0.11/turn               (no ring)

@: lethally poisoned (0 -> -1)
A: large, unfitting armour, tough skin 1
a: Renounce Religion


You were on level 4 of the Dungeon.
You worshipped Wu Jian.
Wu Jian was noncommittal.
You visited 2 branches of the dungeon, and saw 5 of its levels.

You collected 181 gold pieces.
You spent 80 gold pieces at shops.

Inventory:

Hand Weapons
 a - a +0 mace (weapon)
Missiles
 d - 3 boomerangs of dispersal (quivered)
Armour
 b - a +0 robe (worn)
Jewellery
 l - a +4 ring of protection (left hand)
 n - an amulet of regeneration (around neck)
Scrolls
 c - 2 scrolls of blinking
 e - 3 scrolls of teleportation {unknown}
 f - 2 scrolls of enchant weapon {unknown}
 g - 2 scrolls of fear {unknown}
 i - 3 scrolls of identify {unknown}
 o - a scroll of enchant armour {unknown}
 p - a scroll of vulnerability {unknown}
 q - a scroll of acquirement {unknown}
 w - a scroll of amnesia {unknown}
 x - a scroll of magic mapping {unknown}
Potions
 h - a potion of might {unknown}
 j - a potion of haste {unknown}
 k - 3 potions of curing
 s - a potion of flight {unknown}
 t - a potion of invisibility {unknown}
 u - a potion of attraction {unknown}
 v - a potion of mutation {unknown}


   Skills:
 + Level 5.2 Fighting
 * Level 4.7 Maces & Flails
 - Level 1.0 Throwing
 - Level 2.1 Dodging
 - Level 2.4 Spellcasting
 - Level 2.6 Translocations


You had 7 spell levels left.
You knew the following spells:

 Your Spells              Type           Power      Damage    Failure   Level
a - Blink                 Tloc           20%        N/A       10%         2

Your spell library contained the following spells:

 Spells                   Type           Power      Damage    Failure   Level
 Gell's Gravitas          Tloc           10%        N/A       21%         3
 Lesser Beckoning         Tloc           10%        N/A       21%         3
 Teleport Other           Tloc           10%        N/A       21%         3
 Portal Projectile        Hex/Tloc       12%        N/A       34%         3
 Call Canine Familiar     Summ           1%         N/A       52%         3
 Manifold Assault         Tloc           10%        N/A       88%         5
 Leda's Liquefaction      Hex/Erth       0%         N/A       89%         4
 Summon Ice Beast         Ice/Summ       1%         N/A       89%         4
 Summon Mana Viper        Hex/Summ       1%         N/A       99%         5
 Monstrous Menagerie      Summ           0%         N/A       100%        7


Dungeon Overview and Level Annotations

Branches:
Dungeon (4/15)             Temple (1/1) D:4

Altars:
Cheibriados
Dithmenos
Elyvilon
Fedhas
Gozag
Kikubaaqudgha
Nemelex Xobeh
Okawaru
Qazlal
Sif Muna
Trog
Uskayaw
Vehumet
Wu Jian
Xom
Yredelemnul
Zin
The Shining One

Shops:
D:1 !

Annotations:
D:4 1 runed translucent door


Innate Abilities, Weirdness & Mutations

You are too large for most types of armour.
You have tough skin. (AC +1)


Message History

The curare-tipped dart closely misses the orc priest.
You feel very sick. The scorpion stings you. The orc closely misses you.
The orc priest hits you with a +0 short sword.
* * * LOW HITPOINT WARNING * * *
The orc hits you but does no damage.
Throw: dart (curare)
Press: ? - help, Shift-Dir - straight line, f/p - orc priest
Aim: an orc priest, wielding a +0 short sword and wearing a +0 chain mail (moderately wounded, 64% to hit)
You throw a curare-tipped dart.
The curare-tipped dart hits the orc priest.
The orc priest is poisoned.
The orc priest convulses.
You kill the orc priest!
The Council accepts your kill.
You feel very sick. The scorpion stings you.
* * * LOW HITPOINT WARNING * * *
The orc misses you. The orc hits you but does no damage.
You have reached level 6!
You feel stronger.
Throw: 5 boomerangs (disperse)
Press: ? - help, Q - select action, (/) - cycle Shift-Dir - straight line, f - orc
Aim: an orc, wielding a +1 vorpal flail (56% to hit)
You throw a boomerang of dispersal.
The boomerang of dispersal closely misses the orc.
You feel sick.
The scorpion stings you but does no damage.
The orc hits you but does no damage. The orc hits you with a +0 club.
* * * LOW HITPOINT WARNING * * *
The scorpion stings you.
* * * LOW HITPOINT WARNING * * *
Unknown command.
Throw: 4 boomerangs (disperse)
Press: ? - help, Q - select action, (/) - cycle Shift-Dir - straight line, f - scorpion, p - orc
Aim: a scorpion (lightly wounded, 56% to hit)
You throw a boomerang of dispersal.
The boomerang of dispersal closely misses the scorpion.
You feel sick.
The orc hits you with a +1 vorpal flail.
You die...

.##... .... .......####...
..................
...................
....................
..........#.........
.......o..#......... ..#S
.......o@.#......... ..#+#.#
.......s(..........#
......##+#####.............#
..........##...............#
..........##(....|..)......#
..........##...............#
..........##..........######
................(...........
........................####


You could see a scorpion and 2 orcs.

Vanquished Creatures
  A scorpion (D:4)
  A hound (D:2)
  An orc priest (D:4)
  Natasha (thrice) (D:3)
  Robin (D:3)
  2 worms
  An orc (D:4)
  5 ball pythons
  5 endoplasms
  11 goblins
  3 hobgoblins
  2 jackals (D:2)
  3 quokkas
  2 bats (D:2)
  2 frilled lizards
  5 kobolds
48 creatures vanquished.

Notes
Turn   | Place    | Note
-------+----------+-------------------------------------------
     0 | D:1      | Ajdolov the Ogre Warper began the quest for the Orb.
     0 | D:1      | Reached XP level 1. HP: 22/22 MP: 3/3
    17 | D:1      | You fall into a shaft and drop 1 floor!
    64 | D:2      | Found a faded altar of an unknown god.
   214 | D:2      | Reached skill level 3 in Fighting
   217 | D:2      | Reached XP level 2. HP: 20/31 MP: 5/5
   383 | D:2      | Reached XP level 3. HP: 18/37 MP: 6/6
   877 | D:1      | Learned a level 2 spell: Blink
   906 | D:1      | Found Kaek's Distillery.
   956 | D:1      | Bought a potion of heal wounds for 50 gold pieces
   956 | D:1      | Bought a potion of curing for 30 gold pieces
  1666 | D:3      | Noticed Natasha
  1689 | D:3      | Killed Natasha
  1690 | D:3      | Reached skill level 4 in Fighting
  1690 | D:3      | Reached XP level 4. HP: 16/48 MP: 7/7
  1828 | D:3      | Noticed Natasha
  1835 | D:3      | Killed Natasha
  2002 | D:3      | Noticed Robin
  2007 | D:3      | Reached XP level 5. HP: 55/55 MP: 8/8
  2012 | D:3      | Killed Robin
  2135 | D:3      | Noticed Natasha
  2149 | D:3      | Killed Natasha
  2309 | D:4      | Found a staircase to the Ecumenical Temple.
  2345 | Temple   | Entered the Ecumenical Temple
  2492 | Temple   | Became a worshipper of the Wu Jian Council
  2534 | D:4      | Found a runed translucent door.
  2593 | D:4      | Reached skill level 5 in Fighting
  2765 | D:4      | Reached XP level 6. HP: 13/66 MP: 9/9
  2766 | D:4      | Slain by an orc

Illustrated notes

Levels and vault maps discovered:
D:1:      heliophobic_arrival_ceremonial_halls, layout_basic, serial_shops, shop
D:2:      layout_rooms, ebering_ecumenical_altar_box
D:3:      layout_basic, uniq_robin, uniq_natasha
D:4:      layout_basic, minmay_temple_entry_statues_fountains, serial_shops,
          nicolae_diamond_shop, ebering_ghost_sewer_d
Temple:   mainiacjoe_temple_coin_purse

Skill      XL: |  1  2  3  4  5 |
---------------+----------------+-----
Maces & Flails | 2 3 4 |  4.7
Fighting       | 3 4 5 |  5.2
Throwing       | |  1.0
Dodging        | |  2.1
Spellcasting   | |  2.4
Translocations | |  2.6

Action                   |  1- 3 |  4- 6 || total
-------------------------+-------+-------++-------
Melee: Mace              |    92 |    91 ||   183
       Punch             |     1 |       ||     1
Throw: Dart              |       |     3 ||     3
       Boomerang         |       |     4 ||     4
Invok: Lunge             |       |     6 ||     6
  Use: Potion            |       |     1 ||     1
 Stab: Sleeping          |     1 |       ||     1
Armor: Robe              |    40 |    60 ||   100
Dodge: Dodged            |    53 |    55 ||   108

Table legend: (Time is in decaauts)
 A = Elapsed time spent in this place.
 B = Non-inter-level travel time spent in this place.
 C = Inter-level travel time spent in this place.
 D = Time resting spent in this place.
 E = Time spent auto-exploring this place.
 F = Levels seen in this place.
 G = Mean time per level.
                   A        B        C        D        E       F      G
               +--------+--------+--------+--------+--------+-----+--------+
         Total |   2830 |   2699 |    131 |    105 |   1950 |   5 |  566.0 |
       Dungeon |   2669 |   2550 |    119 |    105 |   1934 |   4 |  667.2 |
        Temple |    160 |    148 |     12 |      0 |     16 |   1 |  160.0 |
               +--------+--------+--------+--------+--------+-----+--------+

Top non-repeatable levels by time:
     D:2: 945 daAuts
     D:3: 712 daAuts
     D:1: 701 daAuts
     D:4: 310 daAuts
  Temple: 160 daAuts
